 Dungeon Crawl Stone Soup version 0.31-a0-564-g3b7de120b3 (webtiles) character file.

Game seed: 2285331707008573965

63 ytrimaz the Changeling (level 4, -1/48 HPs)
             Began as a Merfolk Shapeshifter on Aug 18, 2023.
             Was an Initiate of Hepliaklqana.
             Slain by a gnoll bouda
             ... wielding a +0 whip
              (8 damage)
             ... on level 3 of the Dungeon.
             The game lasted 00:01:57 (2065 turns).

ytrimaz the Changeling (Merfolk Shapeshifter)       Turns: 2065, Time: 00:01:58

Health: -1/48      AC: 22    Str: 15    XL:     4   Next: 9%
Magic:  4/4        EV:  2    Int:  7    God:    Hepliaklqana [......]
Gold:   187        SH:  0    Dex: 16    Spells: 3/3 levels left

rFire   . .          .
                       - Unarmed
rCold   . . .        (no shield)
rNeg    . . .        a - melded +0 animal skin
rPois   +            (helmet currently unavailable)
rElec   .            (cloak currently unavailable)
rCorr   .            (gloves currently unavailable)
SInv    .            (boots currently unavailable)
Will    .....        (no amulet)
Stlth   +            (no ring)
HPRegen 0.28/turn    (no ring)
MPRegen 0.09/turn

%: no passive effects
@: tree-form, weakened
A: stationary, stasis, torment immunity, boosted hp, (nimble swimmer 2),
(mertail)
a: Renounce Religion


You were on level 3 of the Dungeon.
You worshipped Hepliaklqana.
Hepliaklqana was noncommittal.
You were a tree.
You visited 2 branches of the dungeon, and saw 5 of its levels.

You collected 187 gold pieces.


Innate Abilities, Weirdness & Mutations

You are a tree.
Your roots penetrate the ground, keeping you stationary.
You cannot be teleported.
You are immune to unholy pain and torment.
Your maximum health is greatly increased.
Your equipment is partially melded.
((You are very nimble when in or above water. (Stealth+, EV+, Speed+++)))
((Your lower body shifts to a powerful aquatic tail in water.))


   Skills:
 - Level 1.1 Fighting
 + Level 4.0 Dodging
 + Level 4.0 Unarmed Combat
 + Level 4.6 Shapeshifting


You had 3 spell levels left.
You didn't know any spells.
Your spell library was empty.

Inventory:

Armour
 a - a +0 animal skin (melded)
Jewellery
 r - a +6 ring of dexterity
   (You found it on level 3 of the Dungeon)
Talismans
 c - a beast talisman
 d - a flux talisman
Wands
 t - a wand of flame (27)
   (You found it on level 3 of the Dungeon)
Potions
 b - 2 potions of lignification
 e - 2 potions of curing {unknown}
 g - 3 potions of attraction
 j - a potion of enlightenment {unknown}
 l - 2 potions of might {unknown}
 m - 2 potions of heal wounds {unknown}
 n - a potion of degeneration {unknown}

Dungeon Overview and Level Annotations

Branches:
Dungeon (4/15) Zot: 21958  Temple (1/1) D:4 Zot: 5981

Altars:
Cheibriados
Elyvilon
Gozag
Hepliaklqana
Makhleb
Nemelex Xobeh
Qazlal
Ru
Trog
Wu Jian
Xom
Yredelemnul
The Shining One

Shops:
D:1

[=( ### #####<##########
#.....#♣g..#...########
#.....#g##.#.#.#......#
#............#.#......##
#######....#...#........
#....#.#..........
#........#........
#[..............##
##.....###......#
#.....# #<.....#


You could see a gnoll bouda and a gnoll.


Message History

There are monsters nearby!
There are monsters nearby!
A gnoll comes into view. It is wielding a +0 spear.
The gnoll shouts!
The gnoll barely misses you.
The gnoll bouda gazes fiercely through you!
You feel your attacks grow feeble.
The gnoll hits you from afar with a +0 spear! 😕 HP[-7]
You take 7 damage, and now have 25/32 hp.
MASSIVE DAMAGE!! (PAUSE) 😕 HP[+1]
The gnoll barely misses you.
Your attacks no longer feel as feeble. 😕 HP[+1]
The gnoll hits you from afar with a +0 spear. 😮 HP[-5]
You take 5 damage, and now have 22/32 hp.
The gnoll is no longer moving quickly. 😮 HP[+1]
The gnoll closely misses you.
There is a stone staircase leading up here.
Unknown command.
There are no items here.
Unknown command.
The gnoll barely misses you. The gnoll closely misses you.
You climb upwards.
There is a stone staircase leading down here.
Unknown command.
You start resting. 😎 HP[+9]
Your hp is fully restored (32).
Unknown command.
You climb downwards.
The gnoll hits you from afar with a +0 spear!
The gnoll barely misses you. The gnoll completely misses you.
The gnoll closely misses you.
There is a stone staircase leading up here. 😕 HP[-7]
You take 7 damage, and now have 25/32 hp.
MASSIVE DAMAGE!! (PAUSE)
The gnoll barely misses you. x2 😕 HP[+1]
The gnoll barely misses you.
The gnoll hits you from afar with a +0 spear.
The gnoll bouda gazes fiercely through you!
You feel your attacks grow feeble. 😮 HP[-6]
You take 6 damage, and now have 20/32 hp.
The gnoll misses you.
The gnoll hits you from afar with a +0 spear!
* * * LOW HITPOINT WARNING * * *
The gnoll bouda barely misses you.
There is a stone staircase leading up here. 😨 HP[-9]
You take 9 damage, and now have 11/32 hp.
MASSIVE DAMAGE!! (PAUSE)
Your library has no spells.
Unknown command.
Your library has no spells.
Unknown command.
Unknown command.
The gnoll hits you from afar with a +0 spear.
* * * LOW HITPOINT WARNING * * *
The gnoll hits you with a +0 spear.
* * * LOW HITPOINT WARNING * * *
The gnoll barely misses you. The gnoll bouda misses you.
You climb upwards.
Your attacks no longer feel as feeble.
There is a stone staircase leading down here. 😱 HP[-4]
You take 4 damage, and now have 7/32 hp.
Unknown command.
Your transformation has ended.
You turn into a tree.
Your +0 animal skin melds into your body.
Your roots penetrate the ground.
The gnoll hits you but does no damage.
The gnoll bouda gazes fiercely through you!
You feel your attacks grow feeble.
The gnoll bouda hits you but does no damage. 😱 HP[+4]
You now have 48 max hp (+16).
You regained 4 hp, and now have 11/48 hp.
You hit the gnoll bouda but do no damage.
The gnoll hits you but does no damage.
You hit the gnoll bouda.
The gnoll bouda hits you but does no damage.
The gnoll hits you with a +0 spear.
* * * LOW HITPOINT WARNING * * *
😱 HP[-5]
You take 5 damage, and now have 6/48 hp.
Unknown command.
You closely miss the gnoll bouda.
The gnoll bouda hits you but does no damage.
The gnoll hits you but does no damage. 😱 HP[+1] Unknown command.
You smack the gnoll bouda!
The gnoll bouda hits you with a +0 whip!
You die...

Skill      XL: |  1  2  3  4 |
---------------+-------------+-----
Dodging        | 3 4 |  4.0
Unarmed Combat | 4 |  4.0
Fighting       | |  1.1
Shapeshifting  | |  4.6

Action                     |  1- 3 |  4- 6 || total
---------------------------+-------+-------++-------
  Melee: Unarmed           |    89 |     7 ||    96
         Punch             |     3 |     1 ||     4
    Use: Scroll            |       |     8 ||     8
         Potion            |       |     1 ||     1
   Stab: Sleeping          |     1 |       ||     1
 Armour: Animal skin       |    17 |       ||    17
         Skin              |       |     6 ||     6
  Dodge: Dodged            |    67 |    17 ||    84

Levels and vault maps discovered:
D:1:      minmay_arrival_glassed_features, layout_basic, serial_shops, shop,
          nicolae_diamond_shop, shop, shapermc_ecumenical_altar_gd
D:2:      layout_rooms, basic_altar
D:3:      layout_basic
D:4:      layout_loops_cross, lemuel_blue_sif_altar,
          nicolae_overflow_hidden_temple, minmay_temple_entry_purple_smoke,
          serial_co_window_serial, co_window_paths_a, co_window_paths_a,
          co_window_cross_1, co_window_corner_a, co_window_paths_a,
          co_window_corner_b, co_window_corner_b, co_window_2corner,
          co_window_cross_3, co_window_corner_b, co_window_2corner,
          glass_columns_b, glass_columns_b
Temple:   nicolae_temple_no_exploring_needed

Notes
Turn   | Place    | Note
-------+----------+-------------------------------------------
     0 | D:1      | ytrimaz the Merfolk Shapeshifter began the quest for the
                  | Orb.
     0 | D:1      | Reached XP level 1. HP: 15/15 MP: 1/1
     0 | D:1      | magus.rc [v1.9.6]
    56 | D:1      | Reached skill level 3 in Dodging
   182 | D:1      | Found Adearuu's Jewellery Boutique.
   256 | D:1      | Reached XP level 2. HP: 18/21 MP: 2/2
   298 | D:1      | Found Nibah's Weapon Boutique.
   303 | D:1      | Found Binu's Armour Emporium.
   461 | D:1      | Found a faded altar of an unknown god.
   789 | D:2      | Found a white marble altar of Elyvilon.
   893 | D:2      | Reached XP level 3. HP: 23/26 MP: 3/3
  1117 | D:2      | You fall into a shaft and drop 1 floor!
  1412 | D:2      | Reached skill level 4 in Unarmed Combat
  1641 | D:3      | Reached XP level 4. HP: 30/32 MP: 4/4
  1773 | D:3      | Reached skill level 4 in Dodging
  1951 | D:4      | Found a staircase to the Ecumenical Temple.
  1967 | Temple   | Entered the Ecumenical Temple
  1977 | Temple   | Became a worshipper of Hepliaklqana the Forgotten
  2059 | D:4      | HP: 7/32 [gnoll/+0 spear[a gnoll bouda] (4)]
  2065 | D:3      | Slain by a gnoll bouda

Vanquished Creatures
  2 adders (D:2)
  A worm (D:2)
  4 dart slugs
  3 bats
  An endoplasm (D:2)
  A giant cockroach (D:2)
  A goblin (D:2)
  4 hobgoblins
  3 jackals (D:1)
  A quokka (D:2)
  3 ball pythons
  A frilled lizard (D:1)
  5 kobolds
  7 rats
37 creatures vanquished.

Table legend:
 A = Non-vault XP
 B = Vault XP
 C = Vault XP percentage of total XP
 D = Non-vault monster count
 E = Vault monster count
 F = Vault count percentage of total count
                 A         B        C        D         E       F
            +---------+---------+-------+---------+---------+-------
      Total |      90 |       0 |   0.0 |      37 |       0 |   0.0
            +---------+---------+-------+---------+---------+-------
        D:1 |      29 |       0 |   0.0 |      19 |       0 |   0.0
        D:2 |      48 |       0 |   0.0 |      13 |       0 |   0.0
        D:3 |      12 |       0 |   0.0 |       4 |       0 |   0.0
        D:4 |       1 |       0 |   0.0 |       1 |       0 |   0.0
            +---------+---------+-------+---------+---------+-------

Skill      XL: |  1  2  3  4 |
---------------+-------------+-----
Dodging        | 3 4 |  4.0
Unarmed Combat | 4 |  4.0
Fighting       | |  1.1
Shapeshifting  | |  4.6

Action                     |  1- 3 |  4- 6 || total
---------------------------+-------+-------++-------
  Melee: Unarmed           |    89 |     7 ||    96
         Punch             |     3 |     1 ||     4
    Use: Scroll            |       |     8 ||     8
         Potion            |       |     1 ||     1
   Stab: Sleeping          |     1 |       ||     1
 Armour: Animal skin       |    17 |       ||    17
         Skin              |       |     6 ||     6
  Dodge: Dodged            |    67 |    17 ||    84

Illustrated notes

Table legend:
 A = Kills in this place as a percentage of kills in the entire game.
 B = Kills by you in this place as a percentage of kills by you in the entire game.
 C = Kills by friends in this place as a percentage of kills by friends in the entire game.
 D = Other kills in this place as a percentage of other kills in the entire game.
 E = Experience gained in this place as a percentage of experience gained in the entire game.
 F = Experience gained in this place divided by the number of levels of this place that you have seen.
                   A       B       C       D       E      F
               +-------+-------+-------+-------+-------+----------------------
         Total | 100.0 | 100.0 |   N/A |   N/A | 100.0 |  18.0
       Dungeon | 100.0 | 100.0 |   N/A |   N/A | 100.0 |  22.5
               +-------+-------+-------+-------+-------+----------------------

Table legend: (Time is in decaauts)
 A = Elapsed time spent in this place.
 B = Non-inter-level travel time spent in this place.
 C = Inter-level travel time spent in this place.
 D = Time resting spent in this place.
 E = Time spent auto-exploring this place.
 F = Levels seen in this place.
 G = Mean time per level.
                   A        B        C        D        E       F      G
               +--------+--------+--------+--------+--------+-----+--------+
         Total |   2058 |   2008 |     50 |    168 |   1483 |   5 |  411.6 |
       Dungeon |   2040 |   1990 |     50 |    168 |   1483 |   4 |  510.0 |
        Temple |     18 |     18 |      0 |      0 |      0 |   1 |   18.0 |
               +--------+--------+--------+--------+--------+-----+--------+

Top non-repeatable levels by time:
     D:1: 785 daAuts
     D:3: 640 daAuts
     D:2: 555 daAuts
     D:4: 58 daAuts
  Temple: 18 daAuts
